 Dungeon Crawl Stone Soup version 0.27-a0-512-g57cc695410 (webtiles) character file.

Game seed: 8623514192828588579

14585 dickylongcocking the Spear-Bearer (level 12, -2/100 HPs)
             Began as a Merfolk Hunter on Mar 3, 2021.
             Was an Initiate of Gozag.
             Slain by an ettin
             ... wielding a +0 dire flail
              (14 damage)
             ... on level 11 of the Dungeon.
             The game lasted 00:16:16 (19085 turns).

dickylongcocking the Spear-Bearer (Merfolk Hunter) Turns: 19085, Time: 00:16:17

Health: -2/100     AC: 12    Str: 21    XL:     12   Next: 18%
Magic:  12/12      EV: 22    Int: 12    God:    Gozag
Gold:   2162       SH:  0    Dex: 17    Spells: 11/11 levels left

rFire    . . .     SeeInvis .   g - +0 glaive
rCold    + . .     Faith    .   (shield currently unavailable)
rNeg     . . .     Spirit   .   v - +0 scale mail
rPois    +         Reflect  .   r - +1 helmet
rElec    .         Harm     .   f - +0 cloak
rCorr    .         Rampage  .   (no gloves)
Will     .....                  C - +0 pair of boots
Stlth    +.........             (no amulet)
HPRegen  0.26/turn              p - +4 ring of evasion
MPRegen  0.13/turn              m - +6 ring of strength

@: no status effects
A: change form in water, swift swim, stealthy swim, clever 1, cold resistance 1,
poison resistance
a: Renounce Religion, Potion Petition, Call Merchant, Bribe Branch


You were on level 11 of the Dungeon.
You worshipped Gozag.
Gozag was most pleased with you.
You visited 2 branches of the dungeon, and saw 12 of its levels.

You collected 2639 gold pieces.
You paid 477 gold pieces to Gozag.

Inventory:

Hand Weapons
 a - a +0 short sword
 g - a +0 glaive (weapon)
 h - a +0 spear
 w - a +0 trident
 B - a +0 halberd
Missiles
 o - 13 javelins (quivered)
Armour
 b - a +0 leather armour
 f - a +0 cloak (worn)
 r - a +1 helmet (worn)
 u - a +0 ring mail
 v - a +0 scale mail (worn)
 C - a +0 pair of boots (worn)
Jewellery
 d - a +4 ring of evasion
 k - a +6 ring of intelligence
 m - a +6 ring of strength (right hand)
 p - a +4 ring of evasion (left hand)
 F - an amulet of magic regeneration
Wands
 t - a wand of flame (7)
 x - a wand of polymorph (23)
 E - a wand of random effects (12)
Scrolls
 e - 8 scrolls of identify
 j - 2 scrolls of enchant weapon
 l - 3 scrolls of amnesia
 n - 2 scrolls of fog
 s - a scroll of holy word
 y - 2 scrolls of enchant armour
 z - 2 scrolls of vulnerability
Potions
 c - 3 potions of degeneration
 i - a potion of flight
 q - a potion of magic
 A - 2 potions of brilliance
 D - 3 potions of haste
 G - a potion of might
 I - a potion of curing


   Skills:
 * Level 11.4 Fighting
 * Level 13.9 Polearms
 - Level 7.3 Throwing
 * Level 5.1 Armour
 - Level 12.0 Dodging
 - Level 1.1 Stealth


You had 11 spell levels left.
You didn't know any spells.
Your spell library contained the following spells:

 Spells                   Type           Power        Failure   Level
 Petrify                  Tmut/Erth      0%           100%        4
 Borgnjor's Vile Clutch   Necr/Erth      0%           100%        5
 Silence                  Hex/Air        0%           100%        5
 Freezing Cloud           Conj/Ice/Air   0%           100%        6


Dungeon Overview and Level Annotations

Branches:
Dungeon (11/15)            Temple (0/1) D:4            Lair (0/6) D:8
    Orc (1/2) D:10

Altars:
Ashenzari
Fedhas
Gozag
Hepliaklqana
Kikubaaqudgha
Makhleb
Qazlal
Ru
Uskayaw
Vehumet
Xom
Yredelemnul
The Shining One

Shops:
D:10 (


Innate Abilities, Weirdness & Mutations

You revert to your normal form in water.
You are very nimble and swift while swimming.
You are very stealthy in the water. (Stealth+)
Your mind is acute. (Int +2)
Your flesh is cold resistant. (rC+)
Your system is resistant to poisons. (rPois)


Message History

An open door.
Unknown command.
Unknown command.
You slash the ettin!
The ettin is moderately wounded.
The ettin barely misses you. x2
You barely miss the ettin.
The ettin is moderately wounded.
The ettin completely misses you.
The ettin hits you with a +0 dire flail.
You hit the ettin but do no damage.
The ettin is moderately wounded.
The ettin barely misses you. The ettin misses you.
You hit the ettin.
The ettin is moderately wounded.
The ettin misses you. The ettin barely misses you.
You hit the ettin but do no damage.
The ettin is moderately wounded.
You slice the ettin!!
The ettin is severely wounded.
The ettin misses you. The ettin barely misses you.
You hit the ettin but do no damage.
The ettin is severely wounded.
The ettin misses you.
The ettin hits you with a +0 dire flail!!
You completely miss the ettin.
The ettin is severely wounded.
The ettin hits you with a +0 dire flail!!!
* * * LOW HITPOINT WARNING * * *
The ettin completely misses you.
You slash the ettin!
The ettin is almost dead.
The ettin completely misses you.
The ettin hits you with a +0 dire flail!
* * * LOW HITPOINT WARNING * * *
You hit the ettin.
The ettin is almost dead.
The ettin hits you with a +0 dire flail!
You die...
Your body crumbles into a pile of gold.

###
#......#.........#....#.....
..#
#......#.........'....#.....
..#
#...#..#####.....####'#.....
######......#
########...#.....
##..........#
########...#.....
.#....###...#
#.....##...#..... .'....#
#...# #.....##...#.....
.#..#.#
###.#####.....######.....
.#....#
#.#.#..C@.....#..........
##...##
#)#.'..##.....#.###......
.#.### #.#.##..##'#####.#
#...... ####
#.####..##.....#.# #......
Q..# #. #..##.....#.# #......
#### ## #..##.....#.# #......
...##.....#.###......
########...##.....#..........
#)....#####......#..........


You could see an ettin.

Vanquished Creatures
  Erolcha (D:9)
  A centaur warrior (D:9)
  3 two-headed ogres (D:10)
  A deep troll earth mage (D:11)
  Sonja (D:10)
  2 ugly things
  A cyclops (D:11)
  A manticore (D:11)
  Joseph (D:9)
  Maurice (D:9)
  A troll (D:9)
  Grinder (D:6)
  2 wyverns (D:8)
  A wraith (D:11)
  4 yaks (D:10)
  A basilisk (D:8)
  A swamp worm (shapeshifter) (D:11)
  An acid dragon (D:11)
  4 water moccasins
  6 orc warriors
  4 sky beasts
  5 black bears
  5 ogres
  A necrophage (D:11)
  A wolf (D:8)
  3 ice beasts
  3 centaurs
  5 phantoms
  A kobold brigand (D:9)
  5 bullfrogs
  A wyvern zombie (D:10)
  3 scorpions
  8 killer bees
  8 wights
  4 howler monkeys
  3 hounds
  6 orc priests
  Crazy Yiuf (D:2)
  2 jellies
  A centaur zombie (D:8)
  Natasha (twice) (D:2)
  7 iguanas
  11 orc wizards
  4 worker ants
  A hound skeleton (D:10)
  3 worker ant zombies
  13 gnolls
  2 howler monkey skeletons
  9 adders
  3 shadow imps
  3 white imps
  2 ufetubi
  2 oozes (D:1)
  An adder zombie (D:6)
  An adder skeleton (D:8)
  3 worms (D:3)
  5 dart slugs
  6 leopard geckos
  45 orcs
  3 ball pythons
  8 bats
  6 giant cockroaches
  7 goblins
  13 hobgoblins
  14 jackals
  19 kobolds
  3 quokkas
  5 frilled lizards
  A jackal skeleton (D:6)
  A leopard gecko zombie (D:6)
  12 rats
320 creatures vanquished.

Vanquished Creatures (others)
  Natasha (D:2)
  6 fungi
  18 plants (D:8)
25 creatures vanquished.

Grand Total: 345 creatures vanquished

Notes
Turn   | Place    | Note
-------+----------+-------------------------------------------
     0 | D:1      | dickylongcocking the Merfolk Hunter began the quest for the
                  | Orb.
     0 | D:1      | Reached XP level 1. HP: 16/16 MP: 1/1
   248 | D:1      | Reached XP level 2. HP: 21/22 MP: 2/2
   659 | D:1      | Reached XP level 3. HP: 24/27 MP: 3/3
   669 | D:1      | Reached skill level 5 in Throwing
  1501 | D:2      | Reached XP level 4. HP: 20/33 MP: 4/4
  1788 | D:2      | Noticed Natasha
  1801 | D:2      | Killed Natasha
  1802 | D:2      | Reached XP level 5. HP: 32/38 MP: 5/5
  1812 | D:2      | Found an opulent altar of Gozag.
  1813 | D:2      | Noticed Natasha
  1820 | D:2      | Became a worshipper of Gozag Ym Sagoz the Greedy
  1837 | D:2      | Killed Natasha
  2042 | D:2      | Noticed Natasha
  2048 | D:2      | Killed Natasha
  2401 | D:2      | Found a shimmering altar of Xom.
  2402 | D:2      | Found a hazy altar of Hepliaklqana.
  2403 | D:2      | Noticed a spectral ugly thing
  2853 | D:2      | Found a runed translucent door.
  2854 | D:2      | Noticed Crazy Yiuf
  2863 | D:2      | Killed Crazy Yiuf
  2933 | D:3      | Reached XP level 6. HP: 44/44 MP: 6/6
  3846 | D:3      | Reached skill level 1 in Polearms
  4175 | D:3      | Found a basalt altar of Yredelemnul.
  4175 | D:3      | Found a hide-covered altar of Uskayaw.
  4180 | D:3      | Found a blossoming altar of Fedhas.
  4281 | D:4      | Found a staircase to the Ecumenical Temple.
  4468 | D:4      | Found a bloodstained altar of Trog.
  4470 | D:4      | Found a shimmering altar of Xom.
  4470 | D:4      | Found an ancient bone altar of Kikubaaqudgha.
  4472 | D:4      | Found an ancient bone altar of Kikubaaqudgha.
  4472 | D:4      | Found a glowing golden altar of the Shining One.
  4472 | D:4      | Found a blossoming altar of Fedhas.
  4590 | D:4      | Reached skill level 2 in Polearms
  4662 | D:4      | Found a broken altar of Ashenzari.
  4879 | D:5      | Entered Level 5 of the Dungeon
  4920 | D:5      | Found a stormy altar of Qazlal.
  4963 | D:5      | Reached XP level 7. HP: 45/52 MP: 7/7
  5140 | D:5      | Reached skill level 3 in Polearms
  5360 | D:5      | Reached skill level 4 in Polearms
  5556 | D:5      | Reached skill level 5 in Dodging
  5579 | D:5      | Reached XP level 8. HP: 10/61 MP: 8/8
  6054 | D:5      | Found a sacrificial altar of Ru.
  6410 | D:5      | Reached skill level 5 in Polearms
  7190 | D:5      | Gained mutation: Your system is resistant to poisons.
                  | (rPois) [potion of mutation]
  7190 | D:5      | Gained mutation: Your mind is acute. (Int +2) [potion of
                  | mutation]
  7190 | D:5      | Gained mutation: Your flesh is cold resistant. (rC+)
                  | [potion of mutation]
  7735 | D:6      | Reached skill level 5 in Fighting
  7806 | D:6      | Noticed Grinder
  7816 | D:6      | Paralysed by Grinder for 2 turns
  7821 | D:6      | Paralysed by Grinder for 6 turns
  7839 | D:6      | Killed Grinder
  7840 | D:6      | Reached skill level 6 in Polearms
  8796 | D:6      | Reached skill level 7 in Polearms
  9084 | D:7      | Reached XP level 9. HP: 60/69 MP: 9/9
  9544 | D:7      | Found an ancient bone altar of Kikubaaqudgha.
  9792 | D:8      | Reached skill level 8 in Polearms
 10105 | D:8      | Found a radiant altar of Vehumet.
 10144 | D:8      | Noticed a two-headed ogre
 10472 | D:8      | Found a burning altar of Makhleb.
 10534 | D:7      | Reached skill level 9 in Polearms
 11035 | D:7      | Reached skill level 10 in Polearms
 11035 | D:7      | Reached XP level 10. HP: 35/80 MP: 10/10
 11508 | D:8      | Reached skill level 10 in Dodging
 11606 | D:8      | Found a staircase to the Lair.
 11922 | D:8      | Found a glowing golden altar of the Shining One.
 12677 | D:9      | Noticed Joseph
 12722 | D:9      | Killed Joseph
 12723 | D:9      | Reached skill level 11 in Polearms
 12723 | D:9      | Reached skill level 1 in Armour
 14111 | D:9      | Noticed Erolcha
 14185 | D:9      | Killed Erolcha
 14789 | D:10     | Entered Level 10 of the Dungeon
 14832 | D:10     | Noticed a two-headed ogre
 15104 | D:9      | Noticed Maurice
 15114 | D:9      | Killed Maurice
 15115 | D:9      | Reached XP level 11. HP: 85/90 MP: 11/11
 15153 | D:10     | Killed a two-headed ogre
 15154 | D:10     | Reached skill level 12 in Polearms
 15316 | D:10     | Found Tudwiadd's Weapon Emporium.
 15326 | D:10     | Noticed a centaur warrior
 15626 | D:9      | Killed a centaur warrior
 15627 | D:9      | Reached skill level 10 in Fighting
 16143 | D:10     | Noticed a two-headed ogre
 16143 | D:10     | Noticed a two-headed ogre
 16153 | D:10     | Killed a two-headed ogre
 16438 | D:10     | Noticed a red ugly thing
 16448 | D:10     | Killed a red ugly thing
 16583 | D:10     | Noticed Sonja
 16619 | D:10     | Killed Sonja
 17017 | D:10     | Found a staircase to the Orcish Mines.
 17166 | Orc:1    | Entered Level 1 of the Orcish Mines
 17243 | D:10     | Killed a two-headed ogre
 17244 | D:10     | Reached skill level 13 in Polearms
 17340 | D:11     | Noticed a deep troll earth mage
 17353 | D:11     | Killed a deep troll earth mage
 17743 | D:11     | Identified the Tome of Dusty Air
 17954 | D:11     | Noticed a cyclops
 17961 | D:11     | Killed a cyclops
 17962 | D:11     | Reached XP level 12. HP: 100/100 MP: 12/12
 18376 | D:11     | Noticed a tengu reaver
 18377 | D:11     | Reached skill level 5 in Armour
 19068 | D:11     | Noticed an ettin
 19085 | D:11     | Slain by an ettin

Illustrated notes

Levels and vault maps discovered:
D:1:      psy_arrival_radial01, layout_basic, hangedman_feature_mirror
D:2:      layout_basic, regret_index_temple_of_mockery, grunt_gozag_breadcrumbs,
          uniq_natasha, uniq_crazy_yiuf_cottage
D:3:      layout_loops_ring, minitemple, minmay_fractal_squares_5
D:4:      layout_rooms, evilmike_ruin_ashenzari,
          minmay_temple_entry_stoned_glass, doesnt_xom_only_xom
D:5:      layout_rooms, lemuel_doored_altar, nicolae_ru_the_path_less_chosen,
          serial_curves, eino_curves_03, eino_curves_02, eino_curves_02,
          mrwooster_statue_mirror
D:6:      layout_layer_cave, uniq_grinder
D:7:      layout_loops_ring, kennysheep_mini
D:8:      layout_loops_ring, tso_altar, lemuel_crystal_altar,
          minmay_lair_entry_grove, basic_altar
D:9:      layout_stronghold, uniq_maurice, uniq_erolcha, uniq_joseph
D:10:     layout_basic, david_orc_2, serial_shops, shop_statue, minivault_11,
          uniq_sonja
D:11:     minmay_chopped_fan, layout_stronghold, kennysheep_generic_room_4
Orc:1:    layout_caves, uniq_fannar

Skill      XL: |  1  2  3  4  5  6  7  8  9 10 11 12 |
---------------+-------------------------------------+-----
Throwing       | 5 6 7 |  7.3
Polearms       | 2 4 7 10 11 13 | 13.9
Dodging        | 3 5 7 9 11 12 | 12.0
Fighting       | 3 4 6 8 9 11 | 11.4
Armour         | 2 4 5 |  5.1
Stealth        | |  1.1

Action                   |  1- 3 |  4- 6 |  7- 9 | 10-12 || total
-------------------------+-------+-------+-------+-------++-------
Melee: Short sword       |   102 |   138 |       |       ||   240
       Spear             |       |   115 |       |       ||   115
       Trident           |       |    14 |   262 |       ||   276
       Unarmed           |       |       |     5 |    15 ||    20
       Halberd           |       |       |   141 |   177 ||   318
       Glaive            |       |       |       |   400 ||   400
Throw: Javelin           |     7 |    35 |    34 |    18 ||    94
       Throwing net      |     2 |     1 |       |       ||     3
Invok: Potion Petition   |       |       |       |     1 ||     1
  Use: Potion            |       |     8 |     4 |     3 ||    15
       Scroll            |       |       |     4 |    12 ||    16
 Stab: Sleeping          |     2 |       |     1 |       ||     3
       Distracted        |       |     1 |     1 |     3 ||     5
Armor: Leather armour    |    29 |    43 |       |       ||    72
       Ring mail         |       |    11 |    29 |       ||    40
       Skin              |       |       |     5 |     1 ||     6
       Scale mail        |       |       |    56 |   102 ||   158
Dodge: Dodged            |    78 |   261 |   361 |   586 ||  1286

Table legend: (Time is in decaauts)
 A = Elapsed time spent in this place.
 B = Non-inter-level travel time spent in this place.
 C = Inter-level travel time spent in this place.
 D = Time resting spent in this place.
 E = Time spent auto-exploring this place.
 F = Levels seen in this place.
 G = Mean time per level.
                   A        B        C        D        E       F      G
               +--------+--------+--------+--------+--------+-----+--------+
         Total |  19185 |  18798 |    387 |   4831 |  10629 |  12 | 1598.8 |
       Dungeon |  19180 |  18793 |    387 |   4831 |  10629 |  11 | 1743.6 |
  Orcish Mines |      5 |      5 |      0 |      0 |      0 |   1 |    5.0 |
               +--------+--------+--------+--------+--------+-----+--------+

Top non-repeatable levels by time:
     D:9: 3448 daAuts
     D:5: 2680 daAuts
    D:11: 1744 daAuts
     D:8: 1696 daAuts
    D:10: 1663 daAuts
     D:7: 1648 daAuts
     D:2: 1543 daAuts
     D:1: 1399 daAuts
     D:6: 1372 daAuts
     D:3: 1370 daAuts
     D:4: 612 daAuts
   Orc:1: 5 daAuts
